 Dungeon Crawl Stone Soup version 0.23.1 (webtiles) character file.

Game seed: 0

123 misha the Poker (level 5, -12/64 HPs)
             Began as a Merfolk Berserker on Mar 9, 2019.
             Was a Believer of Trog.
             Mangled by a gnoll
             ... wielding a +0 halberd
              (13 damage)
             ... on level 3 of the Dungeon on Mar 10, 2019.
             The game lasted 00:05:51 (2523 turns).

misha the Poker (Merfolk Berserker)                 Turns: 2523, Time: 00:05:52

Health: -12/64     AC:  9    Str: 26    XL:     5   Next: 7%
Magic:  5/5        EV:  9    Int:  6    God:    Trog [**....]
Gold:   136        SH:  0    Dex: 14    Spells: 4/4 levels left

rFire    . . .     SeeInvis .   a - +0 spear
rCold    . . .     Gourm    .   (no shield)
rNeg     . . .     Faith    .   b - +0 chain mail
rPois    .         Spirit   .   (no helmet)
rElec    .         Reflect  .   l - +0 cloak
rCorr    .         Harm     .   (no gloves)
MR       .....                  (no boots)
Stlth    ..........             (no amulet)
HPRegen  0.20/turn              g - +3 ring of strength
MPRegen  0.09/turn              (no ring)

@: berserking (expiring), lethally poisoned (-12 -> -15), starving, very quick
A: change form in water, swift swim, stealthy swim
a: Berserk, Trog's Hand, Renounce Religion


You were on level 3 of the Dungeon.
You worshipped Trog.
Trog was pleased with you.
You were starving.

You visited 1 branch of the dungeon, and saw 3 of its levels.

You collected 136 gold pieces.

Inventory:

Hand Weapons
 a - a +0 spear (weapon)
Missiles
 d - 6 poisoned needles
Armour
 b - a +0 chain mail (worn)
 l - a +0 cloak (worn)
Jewellery
 g - a +3 ring of strength (left hand)
Scrolls
 i - 3 scrolls of enchant weapon {unknown}
 j - 2 scrolls of teleportation
 k - a scroll of magic mapping {unknown}
 n - a scroll of immolation {unknown}
Potions
 e - a potion of brilliance
 f - 2 potions of mutation {unknown}
 h - a potion of magic {unknown}
 m - a potion of flight {unknown}
 o - a potion of curing {unknown}
Comestibles
 c - 5 rations


   Skills:
 + Level 4.4 Fighting
 * Level 6.9 Polearms
 - Level 1.4 Armour
 - Level 2.8 Dodging


You had 4 spell levels left.
You didn't know any spells.
Your spell library was empty.

Dungeon Overview and Level Annotations

Branches:
Dungeon (3/15)

Altars:


Message History

The gnoll is moderately wounded.
The gnoll hits you but does no damage.
You hit the gnoll but do no damage.
The gnoll is moderately wounded.
The gnoll barely misses you.
You hit the gnoll but do no damage.
The gnoll is moderately wounded.
The gnoll hits you but does no damage.
You puncture the gnoll!
You kill the gnoll!
Trog accepts your kill.
You have reached level 5!
You feel agile.
* * * LOW HITPOINT WARNING * * *
You feel sick. The gnoll barely misses you.
You see here a +0 spear.
You puncture the gnoll!
The gnoll is heavily wounded.
The gnoll hits you with a +0 halberd!
You die...

#....!..#
#.......#
.......# ......#
.....# ....#.#..
#########........
......g@).#
.########)# #†#
#<# ###


You could see a gnoll.

Vanquished Creatures
  3 gnolls (D:3)
  4 adders (D:2)
  3 dart slugs
  2 worms (D:2)
  7 bats
  2 giant cockroaches
  6 goblins (D:2)
  10 hobgoblins
  4 jackals (D:2)
  A quokka (D:2)
  A ball python (D:2)
  2 kobolds
  3 rats
48 creatures vanquished.

Notes
Turn   | Place    | Note
-------+----------+-------------------------------------------
     0 | D:1      | misha the Merfolk Berserker began the quest for the Orb.
     0 | D:1      | Reached XP level 1. HP: 18/18 MP: 1/1
   153 | D:1      | Reached XP level 2. HP: 22/24 MP: 2/2
   644 | D:1      | Reached skill level 5 in Polearms
  1181 | D:2      | Reached XP level 3. HP: 23/30 MP: 3/3
  1413 | D:2      | Reached ** piety under Trog
  1626 | D:2      | Reached skill level 6 in Polearms
  1626 | D:2      | Reached XP level 4. HP: 29/37 MP: 4/4
  2517 | D:3      | HP: 1/57 [gnoll/+0 halberd (10)]
  2521 | D:3      | Reached XP level 5. HP: 1/43 MP: 5/5
  2523 | D:3      | Mangled by a gnoll

Skill      XL: |  1  2  3 |
---------------+----------+-----
Polearms       | 5 6 |  6.9
Fighting       | 4 |  4.4
Armour         | |  1.4
Dodging        | |  2.8

Action                   |  1- 3 |  4- 6 || total
-------------------------+-------+-------++-------
Melee: Spear             |   103 |   106 ||   209
Invok: Berserk           |       |     1 ||     1
  Use: Scroll            |     4 |       ||     4
 Stab: Sleeping          |     2 |       ||     2
  Eat: Chunk             |     2 |     2 ||     4
Armor: Chain mail        |    26 |    57 ||    83
       Animal skin       |     3 |       ||     3
Dodge: Dodged            |    41 |    59 ||   100
